← All builds
Suicide front / Armada / Economy first / OBSERVED BUILD

Mace bot assault

Armada Suicide front build order · Supreme Isthmus

An economy-first start rushes Mace out of the Bot Lab from around 2:02, well ahead of the role's norm, to push a stronger bot assault into the middle before shifting to the usual mixed army.

#rush #push · 109 distinct matches · 30 players · 3% of Armada Suicide front games · team won 53% of 111 · Recently observed

THE CATCH, AND WHAT COMES WITH IT
  • MaceT1 bot assault from 2:02 · 11% of role by thenFrom the Bot Lab. Only 11% of Suicide front games have it by then; others who build it get it around 2:10
  • MaceMace in 85%5% of all Suicide front games by then

Where those units first fight, in 111 games with kill data: in the middle 98%.

Those units destroy a typical 2,885 metal of enemy units by 15:00.

Then transitions into rocketeer (8% of army).

HOW TO PLAY IT

Key timing: Mace by 2:03

  1. Open single mex straight into Bot Lab by 0:44.
  2. Grab more mex and wind while lab keeps producing.
  3. Push Mace-led bot assault into middle ahead of schedule.
  4. Keep reinforcing with Mace, add Centurion for anti-swarm.
  5. Transition into usual Centurion/Blitz mix with T2 cons.

Phase by phase

TYPICAL OF ITS 109 GAMES · AGAINST STANDARD SUICIDE FRONT
  1. 1
  2. 2
  3. 3
  4. 4
PLAY THE OPENING

Follow the example game's first 6:00 step by step: what to build now, what comes next, and where it goes. At 1× it keeps pace with your own game.

  1. 1

    Up to the Bot Lab

    Economy
    • Metal Extractor2Mex
    Order
    1. Bot LabBot Lab after 2 mexdone ~0:42, middle half 0:26–0:58

    Some games also: Sentry (32%)

    By 0:25 in all: 2 mex

    The example game in this phase · 2 steps
    1. Mex ×3
    2. Bot LabBot Labdone 0:44 · typical 0:42
  2. 2

    Bot Lab to T1 bot assault

    Economy
    • Metal Extractor2Mex
    Order
    1. MaceT1 bot assault after 3 mex, 1 wind
    Builders
    • Construction Bot2 Con bot
    • Lazarus2 Lazarus
    Army
    • Sentry1 Sentry
    • Centurion1 Centurion

    Some games also: wind (42%) · Radar Tower (41%) · tick (36%)

    By 2:02 in all: 3 mex · 1 wind

    The example game in this phase · 8 steps
    1. LazarusLazarus
    2. Wind
    3. PawnPawn
    4. SentrySentry
    5. Construction BotCon bot
    6. Wind
    7. Con turret
    8. MaceMacedone 1:49
  3. 3

    T1 bot assault to 5:00

    Economy
    • Metal Extractor2Mex
    • Wind Turbine5Wind+2 vs standard
    Builders
    • Construction Bot1 Con bot
    • Lazarus1 Lazarus
    Army
    • Sentry2 Sentry
    • Mace11 Mace +11 vs standard

    Some games also: Radar Tower (45%) · con turret (43%) · Beamer (42%)

    The standard build makes here, this one skips: 15 rocketeer

    By 5:00 in all: 5 mex · 6 wind (standard 4)

    The example game in this phase · 17 steps
    1. MaceMace
    2. Mex
    3. MaceMace ×3
    4. LazarusLazarus
    5. Mex
    6. MaceMace
    7. Radar TowerRadar Tower
    8. MaceMace ×4
    9. LazarusLazarus
    10. MaceMace
    11. Wind
    12. MaceMace
    13. Wind
    14. MaceMace ×3
    15. LazarusLazarus
    16. MaceMace ×3
    17. Bot LabBot Labdone 5:05
  4. 4

    5:00 to 10:00

    Economy
    • Metal Extractor1Mex
    • Wind Turbine15Wind
    Builders
    • Construction Turret2 Con turret
    • Lazarus3 Lazarus
    Army
    • Mace12 Mace +12 vs standard

    Some games also: con bot (39%) · Sentry (36%) · rocketeer (33%) · Radar Tower (33%) · Beamer (32%)

    The standard build makes here, this one skips: 8 rocketeer

    By 10:00 in all: 6 mex · 21 wind · 2 con turret

    The example game in this phase · 80 steps
    1. Construction BotCon bot ×2
    2. MaceMace
    3. RocketeerRocketeer ×2
    4. Wind
    5. RocketeerRocketeer
    6. Mex
    7. RocketeerRocketeer
    8. Wind
    9. RocketeerRocketeer ×2
    10. GauntletGauntletdone 8:36
    11. BeamerBeamer
    12. RocketeerRocketeer ×3
    13. Energy storage
    14. RocketeerRocketeer
    15. Wind
    16. RocketeerRocketeer
    17. Wind ×2
    18. TickTick
    19. RocketeerRocketeer ×3
    20. Con turret
    21. Wind
    22. RocketeerRocketeer
    23. Wind ×3
    24. PawnPawn ×3
    25. Wind
    26. PawnPawn
    27. Advanced Metal ExtractorT2 mexdone 10:12
    28. Wind
    29. PawnPawn
    30. Wind ×2
    31. PawnPawn
    32. StoutStout
    33. Wind
    34. PawnPawn
    35. Wind
    36. PawnPawn
    37. Wind
    38. PawnPawn
    39. Wind
    40. JanusJanus
    41. PawnPawn
    42. Wind
    43. Construction BotCon bot
    44. Wind ×2
    45. Advanced Metal ExtractorT2 mex
    46. Wind
    47. PawnPawn
    48. Wind
    49. PawnPawn
    50. Wind
    51. Con turret
    52. Wind
    53. PawnPawn
    54. Advanced Metal ExtractorT2 mex
    55. Wind
    56. Construction BotCon bot
    57. Con turret
    58. Wind ×4
    59. PawnPawn
    60. Wind
    61. Vehicle PlantVehicle Plantdone 11:55
    62. PawnPawn ×2
    63. Wind ×2
    64. PawnPawn
    65. Wind
    66. PawnPawn
    67. BlitzBlitz
    68. RoverScout ×2
    69. PawnPawn
    70. RoverScout
    71. PawnPawn
    72. RoverScout
    73. PersecutorPersecutordone 12:52
    74. PawnPawn
    75. RoverScout ×3
    76. PawnPawn
    77. RoverScout ×2
    78. PawnPawn
    79. PersecutorPersecutor
    80. RoverScout ×9

Counts are medians over the build's games: half of them build more, half fewer. The example game is XXMACGAMERXX's (32 OS, 14/09/2026); pick another.

Team trades

IN AT LEAST 30% OF ITS GAMES

You hand over

Nothing regular.

You get

  • Tidal Generator4 Tidal from Pondfirst at 0:11 · in 70% of games
  • Advanced Construction Bot1 T2 con bot from Tech or Geofirst at 8:24 · in 47% of games

How it plays out

Typical game of this build against the role’s standard build, running totals by minute

  • This build
  • Standard suicide front

Metal produced

010k20k
0:005:0010:0015:00

metal

Enemy metal destroyed

05k10k
0:005:0010:0015:00

metal

Own metal lost

05k10k
0:005:0010:0015:00

metal

111 games.

Show as table
ByMetal produced: This buildMetal produced: Standard suicide frontEnemy metal destroyed: This buildEnemy metal destroyed: Standard suicide frontOwn metal lost: This buildOwn metal lost: Standard suicide front
1:003112300000
2:0094388721000
3:0019172008272184130130
4:0029523109800645575501
5:00399241841559135312351000
6:00508853472184218321061707
7:00624765433756305133612589
8:00737377604617393645203499
9:00843690465315468951274375
10:009391104125885531258205161
11:0010659118896422585866855966
12:0012068135787243640776436686
13:0013679153967604687686737455
14:0014492172968025750489478213
15:0016469192528264810695279007
WHAT THE NUMBERS SAY

Won less often than the standard Suicide front build despite destroying more enemy metal.

  • + Destroys 10959 metal by 15:00 vs standard's 8295
  • + Mace committed by 2:03, far ahead of the 10% norm
  • − Own losses run higher, 11331 vs 9179 by 15:00
  • − Metal produced trails standard by 15:00, 18386 vs 20141
THE EXAMPLE YOU ARE READING

XXMACGAMERXX

32.4 OS · 14/09/2026

Open source match ↗

7 received units · includes a constructor
1579 metal received · 15846 energy received

Allied construction assistance is unknown. Timings are observations, not a promise of solo reproducibility.

Typical milestones

Bot Lab0:42Middle 50%: 0:26–0:58 · n=111
Advanced Metal Extractor10:25Middle 50%: 9:04–11:34 · n=68

Played most by

[crd]sisa49games of this buildChaoticNoob10games of this build[Fx]Doo8games of this buildHorlof5games of this buildDread294games of this build